 Dungeon Crawl Stone Soup version 0.28.0-43-g3370ac3207 (webtiles) character file.

Game seed: 5651858697576068078

8217 Kaptain the Geomancer (level 11, -34/68 HPs)
             Began as a Gargoyle Earth Elementalist on Feb 27, 2022.
             Killed from afar by an ice dragon (41 damage)
             ... with a blast of cold
             ... in an ice cave on Mar 5, 2022.
             The game lasted 00:39:26 (12122 turns).

Kaptain the Geomancer (GrEE)                       Turns: 12122, Time: 00:39:26

Health: -34/68     AC: 19    Str: 12    XL:     11   Next: 27%
Magic:  16/21      EV: 13    Int: 20    God:
Gold:   540        SH:  5    Dex: 13    Spells: 15/24 levels left

rFire   . . .      SeeInvis .   I - staff of earth
rCold   . . .      Faith    .   (no shield)
rNeg    + + .      Spirit   .   a - +0 troll leather armour
rPois   ∞          Reflect  +   E - +2 helmet
rElec   +          Harm     .   (no cloak)
rCorr   .          Rampage  .   q - +1 pair of gloves {Dex+3}
Will    .....                   M - +0 pair of boots
Stlth   +++.......              H - amulet of reflection
HPRegen 1.01/turn               f - ring of wizardry
MPRegen 0.17/turn               N - ring of positive energy

@: frozen, very slow
A: sickness immunity, AC +8, negative energy resistance 1, electricity
resistance, torment resistance 1, petrification resistance
a: no special abilities


You were in an ice cave.
You visited 3 branches of the dungeon, and saw 12 of its levels.
You also visited: Ice Cave.

You collected 827 gold pieces.
You spent 287 gold pieces at shops.

Inventory:

Hand Weapons
 n - a +2 vampiric rapier
 s - a +3 short sword of protection
 u - a +1 short sword of venom
 v - a +5 spectral short sword
 x - a +0 trident
 z - a +0 hunting sling
Missiles
 h - 5 boomerangs (quivered)
 i - a throwing net
 w - 88 sling bullets
 D - 132 stones
Armour
 a - a +0 troll leather armour (worn)
 c - the +0 pair of gloves of Terror {+Inv rPois rN+++ Stlth-}
   (You found it on level 4 of the Dungeon)

   rPois:     It protects you from poison.
   rN:        It renders you almost immune to negative energy.
   +Inv:      It lets you turn invisible.
   Stlth:     It makes you less stealthy.
 d - a +0 leather armour of fire resistance
 q - a +1 pair of gloves of dexterity (worn)
 E - a +2 helmet (worn)
 M - a +0 pair of boots (worn)
Magical Staves
 I - a staff of earth (weapon)
Jewellery
 f - a ring of wizardry (left hand)
 H - an amulet of reflection (around neck)
 L - an amulet of the acrobat
 N - a ring of positive energy (right hand)
Wands
 l - a wand of mindburst (13)
 y - a wand of paralysis (11)
 A - a wand of polymorph (5)
 B - a wand of flame (72)
 G - a wand of iceblast (7)
Scrolls
 j - 3 scrolls of teleportation
 p - a scroll of amnesia
 r - a scroll of brand weapon
 t - 3 scrolls of torment
 C - 3 scrolls of blinking
 F - a scroll of enchant armour
 K - a scroll of identify
Potions
 b - 3 potions of curing
 e - 2 potions of mutation
 g - a potion of ambrosia
 k - a potion of lignification
 m - a potion of haste
 o - 2 potions of magic
 J - a potion of might


   Skills:
 * Level 7.9 Fighting
 + Level 5.4 Armour
 + Level 4.4 Dodging
 + Level 6.7 Stealth
 * Level 7.0 Spellcasting
 * Level 8.0 Conjurations
 - Level 0.7 Transmutations
 * Level 9.5 Earth Magic


You had 15 spell levels left.
You knew the following spells:

 Your Spells              Type           Power      Damage    Failure   Level
a - Sandblast             Erth           100%       2d20      1%          1
b - Stone Arrow           Conj/Erth      100%       3d13      1%          3
c - Lee's Rapid Deconstr  Erth           30%        3d17*     2%          5

Your spell library contained the following spells:

 Spells                   Type           Power      Damage    Failure   Level
 Passwall                 Tmut/Erth      34%        N/A       1%          2
 Petrify                  Tmut/Erth      41%        N/A       6%          4
 Leda's Liquefaction      Hex/Erth       19%        N/A       7%          4
 Passage of Golubria      Tloc           7%         N/A       41%         4
 Summon Lightning Spire   Summ/Air       7%         N/A       41%         4
 Silence                  Hex/Air        3%         N/A       75%         5
 Storm Form               Tmut/Air       4%         N/A       100%        7
 Lehudib's Crystal Spear  Conj/Erth      29%        10d8      100%        8
 Maxwell's Capacitive Co  Air            3%         ∞         100%        8
 Statue Form              Tmut/Erth      Unusable   N/A       N/A         6

Dungeon Overview and Level Annotations

Branches:
Dungeon (9/15)             Temple (1/1) D:6            Lair (2/6) D:8
  IceCv (1/1)
  Swamp: Lair:2-4    Shoals: Lair:2-4     Snake: Lair:2-4    Spider: Lair:2-4
    Orc: D:9-12

Altars:
Ashenzari
Cheibriados
Dithmenos
Elyvilon
Fedhas
Gozag
Hepliaklqana
Kikubaaqudgha
Makhleb
Nemelex Xobeh
Okawaru
Qazlal
Ru
Sif Muna
Uskayaw
Vehumet
Wu Jian
Xom
Yredelemnul
The Shining One
Lugonu

Shops:
D:6 [:[![   D:7 ?

Annotations:
D:3 2 transporters, Ablot's ghost, amateur GnWr
D:8 2 transporters


Innate Abilities, Weirdness & Mutations

You are immune to sickness and miasma.
Your stone body is resilient. (AC +8)
You are immune to poison.
You resist negative energy. (rN+)
You are resistant to electric shocks. (rElec)
You are resistant to unholy torment.
You are immune to petrification.


Message History

Unknown command.
Casting: Lee's Rapid Deconstruction (dangerous; 2% risk of failure)
Confirm with . or Enter, or press ? or * to list all spells.
Aiming: Lee's Rapid Deconstruction (dangerous; 2% risk of failure)
Press: ? - help, Dir - move target An ice covered rock wall.
You feel a surge of power!
The wall shatters!
The blast of rock fragments hits the rime drake!
The rime drake is almost dead.
The ice encasing you melts away.
Casting: Lee's Rapid Deconstruction (dangerous; 2% risk of failure)
Confirm with . or Enter, or press ? or * to list all spells.
Aiming: Lee's Rapid Deconstruction (dangerous; 2% risk of failure)
Press: ? - help, Dir - move target An ice covered rock wall.
You feel a surge of power!
The wall shatters!
The blast of rock fragments hits the ice dragon.
The ice dragon is severely wounded.
The ice dragon breathes frost at you. The blast of cold hits you!!!
Ouch! That really hurt!
Magic courses through your body. The rime drake breathes ice at you.
The flash freeze hits you!!
* * * LOW HITPOINT WARNING * * *
You are encased in ice.
Casting: Lee's Rapid Deconstruction (dangerous; 2% risk of failure)
Confirm with . or Enter, or press ? or * to list all spells.
Aiming: Lee's Rapid Deconstruction (dangerous; 2% risk of failure)
Press: ? - help, Dir - move target An ice covered rock wall.
You feel a surge of power!
The wall shatters!
The blast of rock fragments hits the ice dragon.
The ice dragon is severely wounded.
The blast of rock fragments hits the rime drake!!
You kill the rime drake!
The ice dragon breathes frost at you. The blast of cold hits you!!!
Ouch! That really hurt!
You die...

##...######
###......##
####....##
####..## ###
##..###.##
##.#....#
#...##.#
#####..### .
#..@##.## .°.
##.....†#...k°
####..D...#
########


You could see an ice dragon (catching breath).

Vanquished Creatures
  Harold (D:8)
  Pikel (D:5)
  A cyclops (D:9)
  2 ice statues (IceCv)
  3 rime drakes (IceCv)
  2 trolls
  A hornet (D:8)
  A wraith (D:9)
  5 yaks (Lair:1)
  Eustachio (D:6)
  2 steam dragons
  3 water moccasins
  An orc warrior (D:7)
  2 sky beasts
  A hornet zombie (D:6)
  A black bear (D:6)
  2 ogres
  A lemure (D:5)
  A kobold brigand (D:9)
  4 bullfrogs
  2 gnoll sergeants
  A wyvern zombie (D:6)
  2 scorpions
  A wyvern skeleton (D:7)
  4 killer bees (D:9)
  4 lindwurm simulacra (IceCv)
  3 wights (D:8)
  2 howler monkeys (D:4)
  2 bullfrog zombies
  2 centaur zombies
  4 komodo dragon simulacra (IceCv)
  A centaur skeleton (D:5)
  5 orc priests
  A hound (D:6)
  A gnoll shaman (D:6)
  Ijyb (D:5)
  6 iguanas
  15 orc wizards
  A polar bear simulacrum (Lair:1)
  A hound skeleton (D:5)
  3 howler monkey zombies
  A howler monkey skeleton (D:4)
  20 gnolls
  3 acid dragon simulacra (IceCv)
  5 adders
  A shadow imp (D:5)
  A white imp (D:8)
  3 steam dragon simulacra (IceCv)
  An adder skeleton (D:4)
  2 worms
  36 orcs
  10 endoplasms
  4 giant cockroaches
  3 goblins
  6 hobgoblins
  13 jackals
  8 kobolds
  6 quokkas
  5 ball pythons
  5 bats
  6 frilled lizards
  A quokka skeleton (D:4)
  7 rats
245 creatures vanquished.

Vanquished Creatures (others)
  10 fungi
  2 plants (Lair:1)
12 creatures vanquished.

Grand Total: 257 creatures vanquished

Notes
Turn   | Place    | Note
-------+----------+-------------------------------------------
     0 | D:1      | Kaptain the Gargoyle Earth Elementalist began the quest for
                  | the Orb.
     0 | D:1      | Reached XP level 1. HP: 10/10 MP: 3/3
    79 | D:1      | Found a faded altar of an unknown god.
   181 | D:1      | Reached XP level 2. HP: 16/16 MP: 1/5
  1116 | D:2      | Reached skill level 4 in Earth Magic
  1118 | D:2      | Reached XP level 3. HP: 20/20 MP: 0/6
  1223 | D:2      | Reached skill level 1 in Fighting
  1226 | D:2      | Reached skill level 1 in Conjurations
  1690 | D:2      | Found a white marble altar of Elyvilon.
  1828 | D:2      | Reached skill level 1 in Armour
  1834 | D:2      | Reached XP level 4. HP: 18/25 MP: 7/7
  2328 | D:3      | Reached XP level 5. HP: 30/30 MP: 8/8
  2802 | D:3      | Found a shadowy altar of Dithmenos.
  2865 | D:3      | Found a transporter.
  2866 | D:3      | Noticed Ablot's ghost (amateur GnWr)
  2869 | D:3      | Noticed an ogre
  2882 | D:3      | Noticed an ogre
  2885 | D:3      | Found a transporter.
  2885 | D:3      | Identified the +9 dire flail of Doubt {vamp, rPois SInv}
  2885 | D:3      | Noticed an ogre
  3070 | D:4      | Reached XP level 6. HP: 34/36 MP: 3/10
  3666 | D:4      | Reached skill level 5 in Earth Magic
  3670 | D:4      | Identified the +0 pair of gloves of Terror {+Inv rPois
                  | rN+++ Stlth-}
  3767 | D:4      | Learned a level 3 spell: Stone Arrow
  3905 | D:4      | Reached XP level 7. HP: 32/41 MP: 8/11
  4010 | D:4      | Found a shimmering altar of Xom.
  4180 | D:5      | Entered Level 5 of the Dungeon
  4192 | D:5      | Noticed Ijyb
  4209 | D:5      | Killed Ijyb
  4551 | D:5      | Noticed Pikel
  4572 | D:5      | Killed Pikel
  4573 | D:5      | Reached skill level 6 in Earth Magic
  4573 | D:5      | Reached XP level 8. HP: 48/48 MP: 0/14
  4938 | D:5      | Found a sacrificial altar of Ru.
  5573 | D:5      | Found a sparkling altar of Nemelex Xobeh.
  5597 | D:6      | Found a snail-covered altar of Cheibriados.
  5830 | D:6      | Reached skill level 5 in Fighting
  5830 | D:6      | Reached skill level 5 in Conjurations
  5830 | D:6      | Reached XP level 9. HP: 16/54 MP: 0/16
  6254 | D:6      | Found Vogag's Armour Shoppe.
  6284 | D:6      | Found Cyodola's Distillery.
  6296 | D:6      | Bought a potion of heal wounds for 65 gold pieces
  6296 | D:6      | Bought a potion of degeneration for 13 gold pieces
  6296 | D:6      | Bought a potion of attraction for 39 gold pieces
  6425 | D:6      | Reached skill level 7 in Earth Magic
  6483 | D:6      | Noticed Eustachio
  6486 | D:6      | Found Xefoetey's Antique Armour Shoppe.
  6489 | D:6      | Killed Eustachio
  6490 | D:6      | Reached skill level 5 in Spellcasting
  6558 | D:6      | Found a staircase to the Ecumenical Temple.
  6835 | D:6      | Reached skill level 5 in Stealth
  7011 | D:6      | Found Wasulengi's Armour Emporium.
  7065 | D:6      | Found Jegh's Book Emporium.
  7068 | D:6      | Upgraded the game from 0.28.0-1-gb440e238dd to
                  | 0.28.0-43-g3370ac3207
  7525 | Temple   | Entered the Ecumenical Temple
  7592 | D:7      | Found Roapto's Magic Scroll Shoppe.
  7695 | D:7      | Bought a scroll of identify for 22 gold pieces
  7695 | D:7      | Bought a scroll of blinking for 82 gold pieces
  7695 | D:7      | Bought 2 scrolls of teleportation for 66 gold pieces
  7730 | D:7      | Found an ornate altar of the Wu Jian Council.
  7895 | D:7      | Found an iron altar of Okawaru.
  8698 | D:8      | Found a transporter.
  8699 | D:8      | Noticed a green ugly thing
  8699 | D:8      | Noticed a red ugly thing
  8703 | D:8      | Noticed a red ugly thing
  8713 | D:8      | Noticed a red ugly thing
  8829 | D:8      | Noticed Harold
  8834 | D:8      | Noticed a troll
  9002 | D:7      | Killed a troll
  9003 | D:7      | Reached XP level 10. HP: 21/60 MP: 5/18
  9218 | D:8      | Killed Harold
  9219 | D:8      | Reached skill level 8 in Earth Magic
  9312 | D:8      | Found a staircase to the Lair.
  9368 | D:8      | Found a transporter.
  9427 | D:8      | Found a corrupted altar of Lugonu.
  9535 | D:8      | Found a shimmering blue altar of Sif Muna.
  9630 | D:8      | Found an ancient bone altar of Kikubaaqudgha.
  9639 | D:8      | Found a radiant altar of Vehumet.
 10230 | D:9      | Noticed a cyclops
 10237 | D:9      | Killed a cyclops
 10576 | D:9      | Reached skill level 5 in Armour
 10651 | D:9      | Found a hazy altar of Hepliaklqana.
 11074 | Lair:1   | Entered Level 1 of the Lair of Beasts
 11194 | Lair:1   | Noticed a cane toad
 11197 | Lair:1   | Reached skill level 9 in Earth Magic
 11366 | Lair:1   | You fall into a shaft and drop 1 floor!
 11415 | Lair:1   | Reached XP level 11. HP: 64/67 MP: 4/21
 11423 | Lair:1   | Identified a scroll of acquirement
 11423 | Lair:1   | Acquired a book of the Earth
 11431 | Lair:1   | Learned a level 5 spell: Lee's Rapid Deconstruction
 11458 | Lair:1   | Found a frozen archway.
 11469 | IceCv    | Entered an ice cave
 12113 | IceCv    | Noticed an ice dragon
 12122 | IceCv    | Killed from afar by an ice dragon

Illustrated notes

Levels and vault maps discovered:
D:1:      lightli_arrival_noodles, layout_basic, basic_ecumenical_altar,
          dk_noncrumbling_3
D:2:      layout_basic, basic_altar, serial_park_tiny_1
D:3:      layout_loops_ring, nicolae_dithmenos_through_a_glass_darkly,
          gammafunk_ghost_smash, hex_large, minmay_misc_feat_roman,
          kennysheep_cross_room, serial_park_tiny_1
D:4:      wander_river, layout_cave_pools, mainiacjoe_overflow_catwalk
D:5:      layout_rooms, old_standard_altar, general_overflow_altar,
          eino_small_chamber_without_monster, hangedman_decor_lopped, uniq_ijyb,
          uniq_pikel
D:6:      layout_gridville, mainiacjoe_overflow_boulevard,
          minmay_temple_entry_stoned_glass, serial_shops,
          nicolae_shop_competitors_out_of_business, shop_coins, shop, shop,
          nicolae_shop_behind_doors, uniq_eustachio
D:7:      layout_rooms, amcnicky_altar_gilded,
          mainiacjoe_overflow_concentric_impassable, nicolae_stop_n_shop_1
D:8:      gammafunk_corrupted_shrine, layout_rooms,
          palyth_temple_overflow_mages, lair_entry_dummy, uniq_harold
D:9:      layout_loops_ring, kennysheep_mini_moat
Temple:   corrupted_temple
Lair:1:   layout_small_grid, portal_ice_cave_entry_ice_simulacra, basic_altar,
          grunt_megastairs_1
Lair:2:   layout_regular_city, minmay_holes
IceCv:    ice_cave_small_dragons

Skill      XL: |  1  2  3  4  5  6  7  8  9 10 11 |
---------------+----------------------------------+-----
Earth Magic    | 4 5 6 7 9 |  9.5
Fighting       | 1 2 3 4 5 6 7 |  7.9
Conjurations   | 1 2 3 4 5 6 7 8 |  8.0
Armour         | 1 2 3 4 5 |  5.4
Dodging        | 2 3 4 |  4.4
Stealth        | 3 4 5 6 |  6.7
Spellcasting   | 3 4 5 6 7 |  7.0
Transmutations | |  0.7

Action                   |  1- 3 |  4- 6 |  7- 9 | 10-12 || total
-------------------------+-------+-------+-------+-------++-------
Melee: Unarmed           |     1 |       |       |       ||     1
       Dagger            |     5 |    65 |       |       ||    70
       War axe           |    41 |       |       |       ||    41
       Short sword       |       |    36 |   114 |     2 ||   152
       Punch             |       |       |     2 |       ||     2
       Staff             |       |       |       |     1 ||     1
 Fire: Hunting sling     |       |       |    20 |       ||    20
Throw: Boomerang         |     5 |       |       |       ||     5
 Cast: Sandblast         |    37 |    73 |    36 |    71 ||   217
       Stone Arrow       |       |       |   104 |    54 ||   158
       Lee's Rapid Decon |       |       |       |    13 ||    13
  Use: Potion            |       |     2 |     3 |     2 ||     7
       Scroll            |       |       |     8 |    12 ||    20
 Stab: Sleeping          |       |     5 |       |       ||     5
Armor: Robe              |    20 |       |       |       ||    20
       Leather armour    |     5 |    32 |   105 |       ||   142
       Skin              |     1 |       |       |       ||     1
       Troll leather arm |       |       |       |    14 ||    14
Dodge: Dodged            |    50 |    76 |   115 |    29 ||   270
Block: Other             |       |       |       |     9 ||     9
       Reflection        |       |       |       |     1 ||     1
